 Dungeon Crawl Stone Soup version 0.32-a0-913-g739538afd8 (webtiles) character file.

Game seed: 8072046313032848544

5285 smashvw the Thaumaturge (level 10, -3/60 HPs)
             Began as a Djinni Fire Elementalist on Apr 9, 2024.
             Was an Initiate of Makhleb.
             Killed from afar by Maurice (14 damage)
             ... with an iceblast
             ... on level 8 of the Dungeon.
             The game lasted 00:17:46 (5791 turns).

smashvw the Thaumaturge (Djinni Fire Elementalist)  Turns: 5791, Time: 00:17:46

Health: -3/60      AC: 12    Str:  7    XL:     10   Next: 94%
Gold:   358        EV:  5    Int: 27    God:    Makhleb [......] SH:  0 Dex: 14

rFire   + + .        (no weapon)
rCold   x . .        (no shield)
rNeg    + + .        w - +2 robe {Will+}
rPois   ∞            s - +2 helmet
rElec   .            m - +0 cloak
rCorr   .            (no gloves)
SInv    .            (boots unavailable)
Will    ++...        l - amulet of regeneration
Stlth   ++           g - +4 ring of protection
HPRegen 1.10/turn    G - ring "Riciel" {rN++ Int+6}

%: infuse magic (-4 HP)
@: petrifying (expiring), flying, very slow
A: sickness immunity, fire resistance 2, cold vulnerability 1, float, innate
caster, HP casting, extra vitality 1
a: Renounce Religion


You were on level 8 of the Dungeon.
You worshipped Makhleb.
Makhleb was noncommittal.
You visited 2 branches of the dungeon, and saw 9 of its levels.

You collected 358 gold pieces.

Inventory:

Hand Weapons
 v - a +0 spectral quarterstaff
Missiles
 C - a throwing net
Armour
 m - a +0 cloak (worn)
 s - a +2 helmet (worn)
 w - a +2 robe of willpower (worn)
Jewellery
 f - a ring of positive energy
 g - a +4 ring of protection (left hand)
 k - a +4 ring of protection
 l - an amulet of regeneration (around neck)
 t - a ring of protection from fire
 u - a +6 ring of dexterity
 G - the ring "Riciel" (right hand) {rN++ Int+6}
   (You found it on level 6 of the Dungeon)

   [ring of intelligence]

   Int+6:     It affects your intelligence (+6).
   rN++:      It greatly protects you from negative energy.
 K - a +4 ring of protection
Wands
 z - a wand of polymorph (7)
 A - a wand of iceblast (8)
 I - a wand of digging (7)
Scrolls
 a - a scroll of enchant armour {unknown}
 b - 2 scrolls of blinking {unknown}
 e - 8 scrolls of identify {unknown}
 i - a scroll of vulnerability {unknown}
 j - 2 scrolls of revelation {unknown}
 q - 2 scrolls of amnesia {unknown}
 r - 4 scrolls of teleportation {unknown}
 x - a scroll of enchant weapon {unknown}
 y - 2 scrolls of fog {unknown}
 D - a scroll of immolation {unknown}
 E - 2 scrolls of fear {unknown}
 F - a scroll of butterflies {unknown}
 H - a scroll of noise {unknown}
 M - a scroll of brand weapon {unknown}
Potions
 c - 2 potions of heal wounds {unknown}
 d - 3 potions of lignification {unknown}
 h - 4 potions of curing {unknown}
 n - 3 potions of mutation {unknown}
 o - a potion of berserk rage {unknown}
 p - a potion of haste {unknown}
 B - 2 potions of degeneration {unknown}
 J - a potion of invisibility {unknown}
 L - a potion of attraction {unknown}


   Skills:
 - Level 2.1 Dodging
 - Level 1.5 Stealth
 + Level 12.4 Spellcasting
 + Level 12.4 Conjurations
 + Level 12.4 Hexes
 + Level 12.4 Summonings
 + Level 12.4 Necromancy
 + Level 12.4 Translocations
 + Level 12.4 Fire Magic
 + Level 12.4 Ice Magic
 + Level 12.4 Air Magic
 + Level 12.4 Earth Magic
 + Level 12.4 Alchemy


You knew the following spells:

 Your Spells              Type           Power      Damage    Failure   Level
a - Foxfire               Conj/Fire      100%       2x1d9     1%          1
b - Scorch                Fire           100%       2d9       1%          2
c - Volatile Blastmotes   Fire/Tloc      100%       2d18      1%          3
d - Inner Flame           Hex/Fire       71%        N/A       1%          3
e - Flame Wave            Conj/Fire      71%        2d16      1%          4
f - Sting                 Conj/Alch      100%       1d9       1%          1
g - Searing Ray           Conj           100%       2d8       1%          2
h - Summon Ice Beast      Ice/Summ       71%        N/A       1%          3
i - Sticky Flame          Fire/Alch      71%        2d11      1%          4
Your spell library was empty.

Dungeon Overview and Level Annotations

Branches:
Dungeon (8/15)             Temple (1/1) D:7
   Lair: D:8-11

Altars:
Ashenzari
Cheibriados
Dithmenos
Fedhas
Hepliaklqana
Makhleb
Nemelex Xobeh
Okawaru
Qazlal
Ru
Trog
Uskayaw
Wu Jian
Xom
Yredelemnul
Zin
The Shining One

Shops:
D:4 *

Annotations:
D:6 1 runed translucent door, EvilEddieB's ghost, novice DsNe
D:8 Maurice


Innate Abilities, Weirdness & Mutations

You are immune to sickness and miasma.
You are immune to poison.
Your flesh is very heat resistant. (rF++)
You are vulnerable to cold. (rC-)
You float through the air rather than walking.
You learn spells naturally, not from books.
Your magical power is your life essence.
You have superior vitality. (+4 MHP)


Message History

Casting: Scorch (safe; 1% risk of failure)
Confirm with . or Enter, or press ? or * to list all spells.
Flames lash something.
* * * LOW HITPOINT WARNING * * *
The basilisk bites your ice beast!
You hear some strange, mumbled words.
Casting: Scorch (safe; 1% risk of failure)
Confirm with . or Enter, or press ? or * to list all spells.
Flames lash the basilisk.
The basilisk is lightly wounded.
The basilisk's fire resistance burns away.
* * * LOW HITPOINT WARNING * * *
The basilisk bites your ice beast.
Casting: Scorch (safe; 1% risk of failure)
Confirm with . or Enter, or press ? or * to list all spells.
Flames lash the basilisk.
The basilisk is burned terribly!
The basilisk is heavily wounded.
* * * LOW HITPOINT WARNING * * *
The basilisk bites your ice beast!!
Casting: Scorch (safe; 1% risk of failure)
Confirm with . or Enter, or press ? or * to list all spells.
Flames lash the basilisk.
The basilisk is burned terribly!
The basilisk is almost dead.
* * * LOW HITPOINT WARNING * * *
The basilisk gazes at you.
You are slowing down.
Casting: Scorch (safe; 1% risk of failure)
Confirm with . or Enter, or press ? or * to list all spells.
Flames lash the basilisk.
The basilisk is burned terribly!
You kill the basilisk!
Makhleb accepts your kill.
* * * LOW HITPOINT WARNING * * *
Your limbs are stiffening.
You start resting.
You hear a zap.
An iceblast appears from out of thin air!
The mass of ice explodes!
The iceblast engulfs your ice beast.
Your ice beast partially resists.
The iceblast engulfs you!!
You feel a painful chill!
You die...

..P..♣. .....
.... #.†
##)#######
#...{....> #
#.#..###....
....####†Y###....
.........@.......
....####..###....
# #.......##....
#.###......... #.
##)#.###### #.
#).#.#
####§##)##.#
.##........##.#
.....#.....§.#


You could see a friendly ice beast (summoned, petrified).

Vanquished Creatures
  Maggie (D:7)
  A hornet (D:7)
  Grinder (D:6)
  A shadow (D:6)
  2 wyverns (D:8)
  A basilisk (D:8)
  A yak (D:8)
  2 steam dragons
  A water moccasin (D:8)
  3 ice beasts (D:6)
  2 sky beasts
  A black bear (D:7)
  5 ogres
  2 phantoms (D:5)
  2 bullfrogs
  A kobold brigand (D:8)
  A wyvern zombie (D:6)
  2 scorpions
  3 wights (D:7)
  3 killer bees (D:7)
  A bombardier beetle (D:4)
  A bullfrog zombie (D:6)
  2 jellies
  An orc priest (D:8)
  A hound (D:7)
  4 gnoll boudas
  An iguana (D:4)
  Jessica (D:3)
  3 orc wizards
  12 gnolls
  8 adders
  A shadow imp (D:5)
  2 ufetubi (D:5)
  5 dart slugs
  9 orcs
  7 endoplasms
  5 giant cockroaches
  2 goblins
  7 hobgoblins
  11 jackals
  3 kobolds
  5 quokkas
  4 ball pythons
  13 bats
  4 frilled lizards
  3 rats (D:3)
  A butterfly (D:7)
153 creatures vanquished.

Vanquished Creatures (collateral kills)
  Prince Ribbit (D:5)
  2 yaks (D:8)
  A wyvern (D:8)
  3 water moccasins
  A scorpion (D:5)
  3 gnolls (D:5)
11 creatures vanquished.

Vanquished Creatures (others)
  A gnoll (D:6)
  585 foxfires
586 creatures vanquished.

Grand Total: 750 creatures vanquished

Notes
Turn   | Place    | Note
-------+----------+-------------------------------------------
     0 | D:1      | smashvw the Djinni Fire Elementalist began the quest for
                  | the Orb.
     0 | D:1      | smashvw set off with the following spells memorised:
                  | Foxfire, Scorch, Volatile Blastmotes, Inner Flame, Flame
                  | Wave.
     0 | D:1      | Reached XP level 1. HP: 15/15 MP: 0/0
   209 | D:1      | Reached XP level 2. HP: 18/21 MP: 0/0
   572 | D:1      | Reached XP level 3. HP: 23/25 MP: 0/0
   572 | D:1      | Learned a level 1 spell: Sting
   865 | D:1      | Reached XP level 4. HP: 28/31 MP: 0/0
  1317 | D:2      | Found a faded altar of an unknown god.
  2390 | D:3      | Noticed Jessica
  2395 | D:3      | Killed Jessica
  2396 | D:3      | Reached XP level 5. HP: 32/35 MP: 0/0
  2396 | D:3      | Learned a level 2 spell: Searing Ray
  2737 | D:4      | Noticed an ogre
  2745 | D:4      | Killed an ogre
  2746 | D:4      | Reached skill level 5 in Spellcasting
  2746 | D:4      | Reached skill level 5 in Conjurations
  2746 | D:4      | Reached skill level 5 in Hexes
  2746 | D:4      | Reached skill level 5 in Summonings
  2746 | D:4      | Reached skill level 5 in Necromancy
  2746 | D:4      | Reached skill level 5 in Translocations
  2746 | D:4      | Reached skill level 5 in Fire Magic
  2746 | D:4      | Reached skill level 5 in Ice Magic
  2746 | D:4      | Reached skill level 5 in Air Magic
  2746 | D:4      | Reached skill level 5 in Earth Magic
  2746 | D:4      | Reached skill level 5 in Alchemy
  2746 | D:4      | Reached XP level 6. HP: 40/40 MP: 0/0
  2751 | D:4      | Found Wolixev's General Store.
  3142 | D:4      | Noticed an ogre
  3147 | D:4      | Killed an ogre
  3148 | D:4      | Reached XP level 7. HP: 44/45 MP: 0/0
  3148 | D:4      | Learned a level 3 spell: Summon Ice Beast
  3368 | D:5      | Entered Level 5 of the Dungeon
  3409 | D:5      | Found a sparkling altar of Nemelex Xobeh.
  3409 | D:5      | Found a glowing silver altar of Zin.
  3417 | D:5      | Found a blossoming altar of Fedhas.
  3420 | D:5      | Found a faded altar of an unknown god.
  3422 | D:5      | Found a faded altar of an unknown god.
  3652 | D:5      | Reached XP level 8. HP: 50/50 MP: 0/0
  4052 | D:5      | Noticed Prince Ribbit
  4062 | D:5      | Killed Prince Ribbit
  4238 | D:5      | Found a sacrificial altar of Ru.
  4317 | D:6      | Noticed Grinder
  4322 | D:6      | Killed Grinder
  4323 | D:6      | Reached XP level 9. HP: 51/55 MP: 0/0
  4323 | D:6      | Learned a level 4 spell: Sticky Flame
  4357 | D:6      | Found a bloodstained altar of Trog.
  4484 | D:6      | Found a shadowy altar of Dithmenos.
  4523 | D:6      | Found a runed translucent door.
  4523 | D:6      | Noticed EvilEddieB's ghost (novice DsNe)
  4535 | D:6      | Found an iron altar of Okawaru.
  4587 | D:6      | Reached skill level 10 in Spellcasting
  4587 | D:6      | Reached skill level 10 in Conjurations
  4587 | D:6      | Reached skill level 10 in Hexes
  4587 | D:6      | Reached skill level 10 in Summonings
  4587 | D:6      | Reached skill level 10 in Necromancy
  4587 | D:6      | Reached skill level 10 in Translocations
  4587 | D:6      | Reached skill level 10 in Fire Magic
  4587 | D:6      | Reached skill level 10 in Ice Magic
  4587 | D:6      | Reached skill level 10 in Air Magic
  4587 | D:6      | Reached skill level 10 in Earth Magic
  4587 | D:6      | Reached skill level 10 in Alchemy
  4667 | D:6      | Found an ornate altar of the Wu Jian Council.
  4749 | D:6      | Found a basalt altar of Yredelemnul.
  4833 | D:6      | Found a faded altar of an unknown god.
  4833 | D:6      | Found a faded altar of an unknown god.
  4840 | D:6      | Found a hazy altar of Hepliaklqana.
  4842 | D:6      | Identified the ring "Riciel" {rN++ Int+6}
  4955 | D:7      | Reached XP level 10. HP: 56/60 MP: 0/0
  5007 | D:7      | Noticed Maggie
  5017 | D:7      | Killed Maggie
  5263 | D:7      | Found a staircase to the Ecumenical Temple.
  5269 | Temple   | Entered the Ecumenical Temple
  5278 | Temple   | Became a worshipper of Makhleb the Destroyer
  5605 | D:8      | Found a stormy altar of Qazlal.
  5683 | D:8      | Found a snail-covered altar of Cheibriados.
  5683 | D:8      | Found a shimmering altar of Xom.
  5687 | D:8      | Found a glowing golden altar of the Shining One.
  5752 | D:8      | Noticed Maurice
  5791 | D:8      | Killed from afar by Maurice

Illustrated notes

Levels and vault maps discovered:
D:1:      psy_arrival_conway, layout_basic
D:2:      layout_rooms, basic_ecumenical_altar, minmay_misc_feat_cross
D:3:      layout_loops_corners, minivault_27, uniq_jessica
D:4:      layout_rooms, serial_shops, nicolae_shop_peninsula, kennysheep_dice
D:5:      layout_loops_ring, nicolae_ru_sacrificial_ziggurat,
          chequers_temple_overflow_minitemple, uniq_prince_ribbit1
D:6:      layout_cave_pools, bloody_trog, mainiacjoe_overflow_chevrons,
          nicolae_hepliaklqana_ecumenical_no_more,
          lemuel_zombie_altar_yredelemnul, lemuel_doored_altar,
          nzn_wu_jian_council_hall, hellmonk_ghost_happy_afterlife, uniq_grinder
D:7:      layout_loops_ring, minmay_temple_entry_butterflies,
          serial_library_hellmonk_small_alcove, roderic_batcave, hex_tiny,
          uniq_maggie
D:8:      layout_loops_cross, nicolae_overflow_crystal_walls,
          gammafunk_temple_overflow_forgotten, minmay_lair_entry_grove,
          uniq_maurice, uniq_joseph, uniq_erica
Temple:   hellmonk_temple_flake

Skill      XL: |  1  2  3  4  5  6  7  8  9 10 |
---------------+-------------------------------+-----
Spellcasting   | 4 5 6 7 8 10 12 | 12.4
Conjurations   | 4 5 6 7 8 10 12 | 12.4
Hexes          | 4 5 6 7 8 10 12 | 12.4
Summonings     | 4 5 6 7 8 10 12 | 12.4
Necromancy     | 4 5 6 7 8 10 12 | 12.4
Translocations | 4 5 6 7 8 10 12 | 12.4
Fire Magic     | 4 5 6 7 8 10 12 | 12.4
Ice Magic      | 4 5 6 7 8 10 12 | 12.4
Air Magic      | 4 5 6 7 8 10 12 | 12.4
Earth Magic    | 4 5 6 7 8 10 12 | 12.4
Alchemy        | 4 5 6 7 8 10 12 | 12.4
Dodging        | |  2.1
Stealth        | |  1.5

Action                     |  1- 3 |  4- 6 |  7- 9 | 10-12 || total
---------------------------+-------+-------+-------+-------++-------
  Melee: Unarmed           |       |    18 |       |       ||    18
   Cast: Foxfire           |    86 |   114 |   127 |    52 ||   379
         Scorch            |       |    17 |    44 |    52 ||   113
         Summon Ice Beast  |       |       |     8 |     3 ||    11
         Inner Flame       |       |       |     8 |       ||     8
         Sticky Flame      |       |       |       |     1 ||     1
 Armour: Robe              |    16 |    36 |    17 |    29 ||    98
  Dodge: Dodged            |    13 |    14 |    12 |    18 ||    57

Table legend: (Time is in decaauts)
 A = Elapsed time spent in this place.
 B = Non-inter-level travel time spent in this place.
 C = Inter-level travel time spent in this place.
 D = Time resting spent in this place.
 E = Time spent auto-exploring this place.
 F = Levels seen in this place.
 G = Mean time per level.
                   A        B        C        D        E       F      G
               +--------+--------+--------+--------+--------+-----+--------+
         Total |   5788 |   5610 |    178 |      0 |   4550 |   9 |  643.1 |
       Dungeon |   5769 |   5599 |    170 |      0 |   4550 |   8 |  721.1 |
        Temple |     18 |     10 |      8 |      0 |      0 |   1 |   18.0 |
               +--------+--------+--------+--------+--------+-----+--------+

Top non-repeatable levels by time:
     D:1: 1316 daAuts
     D:5: 948 daAuts
     D:3: 907 daAuts
     D:4: 702 daAuts
     D:7: 697 daAuts
     D:6: 567 daAuts
     D:2: 439 daAuts
     D:8: 189 daAuts
  Temple: 18 daAuts
